woodfighter, lawful female dwarven Priestess ---------------- ##################...............| ---------- #---------- #%#|..............| |........| #|........| # #...............| |.........######@j`###############|........| ### |.......|......| |........| |..).....| # -----|---------- |........| ##.........| # # ----|----- # -------.-- # # ##%## ### # # # # # ### # ### ### ----------# # # # # |{.......|# ## # ## ---|--- ##......<..|# ---.-------# --.-- |.....| # |........-# |.........|# |...| |.....| ### |........| |..........# |.>.| |.....| # |........| |........{| |...| |......### |........| ----------- |...| ------- ---------- |...| ----- woodfighter the Acolyte Experience level: 5 Strength: 12 Dexterity: 11 Constitution: 16 Intelligence: 17 Wisdom: 9 Charisma: 10 Health: 0(46) Energy: 32(32) Def: 16 Gold: 181 Moves: 3128 Dungeon seed: o6Sc43lvyZxtJaKY Game ID: woodfighter_1553461036 Your Inventory: Coins $ - 181 gold pieces Weapons a - a blessed +1 mace z - a +0 elven spear (weapon in hand) Armor e - a +0 robe (being worn) n - a +0 small shield (being worn) r - a thoroughly rusty +0 pair of kicking boots (being worn) y - a blessed greased +3 gray dragon scale mail (being worn) N - a blessed +0 orcish helm (being worn) Comestibles d - 2 sprigs of wolfsbane u - an egg v - a lembas wafer Wands f - a wand of cancellation (0:1) C - a wand of create monster (0:11) Tools s - a sack x - a blessed oil lamp (0:1137) Gems q - a worthless piece of black glass Contents of the sack: 239 gold pieces a scroll of enchant weapon a scroll of identify 2 scrolls of light 2 scrolls of scare monster a scroll of scare monster a scroll of teleportation a spellbook of detect unseen a spellbook of healing a spellbook of protection a potion of extra healing a potion of fruit juice 3 potions of holy water Spells and supernatural/magical abilities: Name Level Category Fail Memory h - healing 1 healing 0% 85% p - protection 1 clerical 0% 85% U - detect unseen 3 divination 93% 85% W - pray for help -- divine ? -- X - turn undead -- divine ? -- Your skills at the end: Miscellaneous Skills shield [Basic] wands [Basic] Weapon Skills pick-axe [Basic] mace [Basic] spear [Basic] Spellcasting Skills clerical spells [Basic] Final Attributes: You were devoutly aligned. You were magic-protected. Your writing hand was ok. You had infravision. You are dead. Vanquished creatures: 2 small mimics a giant beetle a wood nymph a fog cloud 2 giant ants 2 homunculi a rothe a giant bat a monkey 2 dwarf zombies a wererat an acid blob a large kobold 3 geckos 2 hobgoblins a cave spider a gnome zombie 4 jackals 3 newts a goblin a sewer rat 3 grid bugs a lichen 2 kobold zombies 39 creatures vanquished. Voluntary challenges: You did not adorn yourself with jewelry or accessories. You did not cause conflict. You were not invisible. You did not have reflection. You were not displaced. You used a wielded weapon 85 times, starting on turn 458. You did not apply a unicorn horn. You did not use plumbed fixtures. You did not drink any magical draughts. You read items or engraved 1 time, starting on turn 2746. You never genocided any monsters. You never polymorphed an object. You never changed form. You used 1 wish, starting on turn 2083. You did not wish for any artifacts. You never split a pudding. You never wrote Elbereth's name. You never violated your personal moral code. Dungeon overview: The Dungeons of Doom: levels 1 to 7 Level 1 (water) some fountains a long staircase Level 2 a fountain Level 3 (water) a fountain, a sink Level 4 a general store a long staircase Level 5 (water) Level 6 <- You were here some fountains Level 7 History has recorded: On T:1 you entered the Dungeons of Doom to retrieve the Amulet of Yendor! On T:57 you reached level 2 of The Dungeons of Doom. On T:650 you reached level 3 of The Dungeons of Doom. On T:1102 you advanced to experience level 2. On T:1140 you reached level 4 of The Dungeons of Doom. On T:1735 you advanced to experience level 3. On T:1737 you prayed to Tyr. On T:1827 you reached level 5 of The Dungeons of Doom. On T:1880 you advanced to experience level 4. On T:2083 you wished for "+3 blessed fixed greased gray dragon scale mail". On T:2164 you reached level 6 of The Dungeons of Doom. On T:2309 you advanced to experience level 5. On T:2985 you reached level 7 of The Dungeons of Doom. Score breakdown: Gold: 420 ( 42 points) Experience: 5 levels ( 400 points) Exploration: 7 levels ( 180 points) Discoveries: 16 items ( 800 points) Variety of kills: 24 monsters ( 1200 points) Major goal: (nothing yet) ( 0 points) Survival: died (score multiplied by 3) Total score: 7866 Latest messages: You miss the giant beetle. The giant beetle bites! You miss the giant beetle. You jab the giant beetle. The giant beetle bites! You jab the giant beetle! You jab the giant beetle. The giant beetle just misses! You jab the giant beetle. You jab the giant beetle! The giant beetle misses. You jab the giant beetle. You miss the giant beetle. The giant beetle just misses! You jab the giant beetle. The giant beetle misses. You miss the giant beetle. The giant beetle just misses! You kill the giant beetle! You see here a giant beetle corpse. This door is locked. As you kick the door, it crashes open! Nowhere else around here can be automatically explored. You jab the blue jelly. You are suddenly very cold! You die... Final status: Goodbye woodfighter the Priestess, killed by a blue jelly... You died in The Dungeons of Doom on dungeon level 6 with 7866 points, and 420 pieces of gold, after 3128 moves. You were level 5 with a maximum of 46 hit points when you died.